 Dungeon Crawl Stone Soup version 0.27.1-35-g4d5d836560 (console) character file.

Game seed: 15200103426823671493

47930 grimtooth the Fighter (level 14, -8/118 HPs)
             Began as a Demonspawn Abyssal Knight on May 28, 2022.
             Was the Champion of Lugonu.
             Killed by the air
             ... invoked by a wind drake
              (16 damage)
             ... on level 6 of the Lair of Beasts on May 29, 2022.
             The game lasted 01:36:11 (20926 turns).

grimtooth the Fighter (Demonspawn Abyssal Knight)  Turns: 20926, Time: 01:36:12

Health: -8/118     AC:  6    Str: 13    XL:     14   Next: 10%
Magic:  15/23      EV: 18    Int: 21    God:    Lugonu [******]
Gold:   1259       SH:  5    Dex: 13    Spells: 10/13 levels left

rFire    . . .     SeeInvis .   u - +1 flail (venom)
rCold    . . .     Faith    .   (no shield)
rNeg     . . .     Spirit   .   (no armour)
rPois    +         Reflect  +   C - +0 hat {Int+3}
rElec    .         Harm     .   w - +2 cloak
rCorr    .         Rampage  .   G - +1 pair of gloves
Will     +....                  (no boots)
Stlth    +.........             W - amulet of reflection
HPRegen  0.29/turn              e - +4 ring of evasion
MPRegen  0.18/turn              b - ring of poison resistance

@: no status effects
A: antennae 2, ignite blood 2, spiny 3, sharp scales 1, corrupting presence 1
a: Renounce Religion, Depart the Abyss, Bend Space, Banish, Corrupt, Enter the
Abyss, Brand Weapon With Distortion


You were on level 6 of the Lair of Beasts.
You worshipped Lugonu.
Lugonu was exalted by your worship.
You visited 2 branches of the dungeon, and saw 16 of its levels.
You visited the Abyss 1 time.
You also visited: Ossuary.

You collected 1259 gold pieces.

Inventory:

Hand Weapons
 a - a +1 whip of electrocution
 u - a +1 flail of venom (weapon)
Missiles
 m - 11 boomerangs
 q - 7 boomerangs of dispersal
 O - a throwing net {=f}
 V - 12 poisoned darts (quivered)
Armour
 l - a +2 kite shield
 w - a +2 cloak (worn)
 C - a +0 hat of intelligence (worn)
 G - a +1 pair of gloves (worn)
Jewellery
 b - a ring of poison resistance (right hand)
 d - the ring "Yzey" {rElec rCorr Str+2 SInv}
   (You found it on level 5 of the Lair of Beasts)

   [ring of see invisible]

   Str:       It affects your strength (+2).
   rElec:     It insulates you from electricity.
   SInv:      It lets you see invisible.
   rCorr:     It protects you from acid and corrosion.
 e - a +4 ring of evasion (left hand)
 r - a ring of flight
 H - a ring of see invisible
 I - a ring of resist corrosion
 L - a ring of willpower
 W - an amulet of reflection (around neck)
Wands
 J - a wand of flame (4)
 M - a wand of iceblast (18)
 N - a wand of paralysis (21)
 U - a wand of acid (4)
 X - a wand of polymorph (12)
Scrolls
 c - a scroll of blinking {unknown}
 f - 7 scrolls of fog
 h - a scroll of brand weapon {unknown}
 n - 5 scrolls of teleportation
 v - 3 scrolls of enchant weapon {unknown}
 y - a scroll of fear {unknown}
 D - a scroll of summoning
 E - 9 scrolls of magic mapping
 P - a scroll of silence {unknown}
 Q - a scroll of immolation {unknown}
 R - 2 scrolls of torment {unknown}
 S - 2 scrolls of vulnerability
Potions
 i - 3 potions of curing
 k - 3 potions of ambrosia
 p - 7 potions of might
 t - 6 potions of lignification
 x - a potion of mutation {unknown}
 A - a potion of magic {unknown}
 B - a potion of resistance
 F - 6 potions of brilliance {unknown}
 K - a potion of cancellation
 Y - a potion of berserk rage


   Skills:
 * Level 13.4 Fighting
 + Level 9.9 Maces & Flails
 - Level 9.0 Armour
 - Level 6.0 Dodging
 - Level 9.0 Conjurations
 - Level 6.0 Translocations
 - Level 12.0 Invocations


You had 10 spell levels left.
You knew the following spells:

 Your Spells              Type           Power      Damage    Failure   Level
b - Searing Ray           Conj           74%        3d6       1%          2
p - Apportation           Tloc           50%        N/A       1%          1

Your spell library contained the following spells:

 Spells                   Type           Power      Damage    Failure   Level
 Magic Dart               Conj           100%       1d8       1%          1
 Blink                    Tloc           N/A        N/A       2%          2
 Lesser Beckoning         Tloc           12%        N/A       4%          3
 Teleport Other           Tloc           25%        N/A       4%          3
 Dazzling Flash           Conj/Hex       36%        N/A       9%          3
 Stone Arrow              Conj/Erth      36%        3d9       9%          3
 Mephitic Cloud           Conj/Pois/Air  12%        N/A       16%         3
 Portal Projectile        Hex/Tloc       24%        N/A       16%         3
 Passage of Golubria      Tloc           N/A        N/A       16%         4
 Animate Skeleton         Necr           0%         N/A       19%         1
 Corona                   Hex            0%         N/A       19%         1
 Summon Small Mammal      Summ           0%         N/A       19%         1
 Call Imp                 Summ           0%         N/A       26%         2
 Corpse Rot               Necr/Air       N/A        N/A       26%         2
 Ensorcelled Hibernation  Hex/Ice        0%         N/A       26%         2
 Fulminant Prism          Conj/Hex       9%         3d7       28%         4
 Manifold Assault         Tloc           25%        N/A       38%         5
 Summon Guardian Golem    Hex/Summ       0%         N/A       47%         3
 Tukima's Dance           Hex            0%         N/A       47%         3
 Bolt of Magma            Conj/Fire/Erth 6%         4d6       82%         5
 Animate Armour           Summ/Erth      0%         N/A       87%         4
 Dispel Undead            Necr           0%         3d6       87%         4
 Orb of Destruction       Conj           18%        9d8       98%         7
 Agony                    Necr           0%         N/A       99%         5
 Alistair's Intoxication  Tmut/Pois      0%         N/A       99%         5
 Blade Hands              Tmut           0%         N/A       99%         5
 Borgnjor's Vile Clutch   Necr/Erth      0%         N/A       99%         5
 Excruciating Wounds      Necr           0%         N/A       99%         5
 Silence                  Hex/Air        0%         N/A       99%         5
 Death Channel            Necr           0%         N/A       100%        6
 Eringya's Noxious Bog    Tmut/Pois      0%         N/A       100%        6
 Spellforged Servitor     Conj/Summ      9%         N/A       100%        7
 Lehudib's Crystal Spear  Conj/Erth      9%         10d4      100%        8
 Shatter                  Erth           0%         3d5*      100%        9


Dungeon Overview and Level Annotations

Branches:
Dungeon (10/15)            Temple (0/1) D:5            Lair (6/6) D:9
 Shoals (0/4) Lair:4        Snake (0/4) Lair:4        Slime (0/5) Lair:5
Ossuary (visited)
    Orc: D:9-12

Altars:
Ashenzari
Dithmenos
Hepliaklqana
Kikubaaqudgha
Makhleb
Okawaru
Qazlal
Vehumet
Wu Jian

Shops:
D:5 !   D:8 (

Annotations:
D:5 Dowan, Duvessa
D:8 3 runed translucent doors, osoart's ghost, novice TrMo
D:10 Nergalle
Lair:6 2 transporters, Kazon's ghost, journeyman DjGl
Abyss:1 Snorg


Innate Abilities, Weirdness & Mutations

You have a pair of antennae on your head.
Your demonic aura often causes spilled blood to erupt in flames.
You are completely covered in sharp spines.
You are partially covered in razor-sharp scales. (AC +1, Slay +1)
Your presence sometimes corrodes those you injure.


Message History

The plant is engulfed in blazing flames.
The dream sheep bites you!
* * * LOW HITPOINT WARNING * * *
You sock the dream sheep!
You kill the dream sheep!
Lugonu accepts your kill.
The plant is engulfed in blazing flames.
A wind drake comes into view.
You block the dream sheep's attack.
The wind drake hisses angrily.
You sock the dream sheep!
Your corrupting presence corrodes the dream sheep!
The dream sheep looks as sick as possible!
The dream sheep is almost dead.
You hear an angry hiss.
The plant is engulfed in blazing flames.
A nearby plant withers and dies.
The wind drake flaps its wings at you. The air twists around and strikes you!
* * * LOW HITPOINT WARNING * * *
Okay, then.
A black mamba comes into view.
The black mamba hisses angrily.
You kill the dream sheep!
Lugonu accepts your kill. The dream sheep completely misses you.
The black mamba moves out of view.
You feel better. You block the dream sheep's attack.
Aiming: Paralyse
Press: ? - help, Shift-Dir - straight line, f - wind drake
Aim: a wind drake (repelling missiles, chance to affect: 28%)
Okay, then.
You sock the dream sheep!
You kill the dream sheep!
Lugonu accepts your kill. The wind drake flaps its wings at you.
The air twists around and strikes you!
* * * LOW HITPOINT WARNING * * *
The wind drake flaps its wings at you. The air twists around and strikes you!
You die...

........ #.......
........## #.......
.......#.#####P......
....... #.................
....... ##....†...........
$......##.#k..............
..YD..Y#.#..#..#.##.......
....{.. #.#...####........
.......##.P..## #........
.......#°S....# ##.......
#.††(@..### #........
#(((.##..# ###......
#.####.#..# #...... #
##### ##..##. ######


You could see a wind drake (repels missiles) and a black mamba.

Vanquished Creatures
  Gastronok (Lair:2)
  5 hydras
  A catoblepas (Lair:6)
  3 two-headed ogres
  3 death yaks (Lair:6)
  Urug (Lair:5)
  2 sea snakes (Lair:6)
  3 elephants
  4 black mambas
  A molten gargoyle (D:10)
  2 gargoyles
  23 cane toads
  A kobold demonologist (D:10)
  5 rime drakes
  5 komodo dragons
  A slime creature (Lair:5)
  3 polar bears
  Grinder (D:6)
  A hornet (D:9)
  7 blink frogs
  13 dream sheep
  Sigmund (D:6)
  A shadow (D:8)
  5 wyverns
  39 yaks
  4 vampire mosquitoes (D:8)
  2 basilisks (Lair:5)
  5 nagas (Lair:4)
  4 steam dragons
  20 water moccasins
  2 black bears
  An orc warrior (D:7)
  A sky beast (D:4)
  A necrophage (D:5)
  2 ice beasts
  26 wolves
  5 centaurs
  3 ogres
  A phantom (D:4)
  An elf zombie (Ossuary)
  12 bullfrogs
  2 scorpions (D:6)
  2 gnoll sergeants
  A water moccasin skeleton (D:5)
  15 killer bees
  7 wights
  2 howler monkeys (D:8)
  4 centaur zombies
  4 hounds
  A lava snake (D:10)
  A human zombie (Ossuary)
  7 jellies
  3 orc priests
  A bullfrog skeleton (D:6)
  A gnoll shaman (D:7)
  Jessica (D:2)
  An iguana (D:6)
  4 hell rats (Lair:5)
  7 orc wizards
  A hound skeleton (D:4)
  2 mummies (Ossuary)
  Robin (D:4)
  2 howler monkey zombies
  19 gnolls
  6 river rats (Lair:5)
  7 adders
  2 white imps (D:7)
  2 ufetubi
  An adder skeleton (D:4)
  An adder zombie (Ossuary)
  2 worms (D:2)
  3 dart slugs
  16 orcs
  3 bats
  7 endoplasms
  12 goblins
  18 hobgoblins
  4 jackals (D:1)
  4 quokkas
  7 ball pythons
  2 frilled lizards
  3 goblin zombies (Ossuary)
  12 hobgoblin zombies (Ossuary)
  3 jackal zombies (Ossuary)
  3 kobolds
  9 kobold zombies (Ossuary)
  5 orc zombies (Ossuary)
  12 rats
  A rat zombie (Ossuary)
456 creatures vanquished.

Vanquished Creatures (others)
  A steam dragon (Lair:6)
  A water moccasin (Lair:6)
  43 fungi
  79 plants
124 creatures vanquished.

Grand Total: 580 creatures vanquished

Notes
Turn   | Place    | Note
-------+----------+-------------------------------------------
     0 | Abyss:1  | grimtooth the Demonspawn Abyssal Knight began the quest for
                  | the Orb.
     0 | Abyss:1  | Reached XP level 1. HP: 18/18 MP: 2/2
    46 | Abyss:1  | Noticed an apocalypse crab
    47 | D:1      | Escaped the Abyss
   442 | D:1      | Gained mutation: Your demonic aura sometimes causes spilled
                  | blood to erupt in flames. [demonic ancestry]
   442 | D:1      | Reached XP level 2. HP: 17/24 MP: 3/3
   572 | D:1      | Reached * piety under Lugonu
   891 | D:1      | Found a faded altar of an unknown god.
   924 | D:1      | Gained mutation: You are partially covered in razor-sharp
                  | scales. (AC +1, Slay +1) [demonic ancestry]
   924 | D:1      | Reached XP level 3. HP: 22/29 MP: 4/4
  1350 | D:2      | Found an ornate altar of the Wu Jian Council.
  1481 | D:2      | Noticed Jessica
  1512 | D:2      | Killed Jessica
  1749 | D:2      | Gained mutation: You are partially covered in sharp spines.
                  | [demonic ancestry]
  1749 | D:2      | Reached XP level 4. HP: 11/37 MP: 5/5
  2797 | D:3      | Reached skill level 4 in Fighting
  3015 | D:3      | Gained mutation: Your demonic aura often causes spilled
                  | blood to erupt in flames. [demonic ancestry]
  3015 | D:3      | Reached XP level 5. HP: 41/42 MP: 6/6
  3072 | D:3      | Noticed an ogre
  3169 | D:3      | Found an iron altar of Okawaru.
  3174 | D:3      | Found a hazy altar of Hepliaklqana.
  3554 | D:4      | Noticed Robin
  3565 | D:4      | Reached ** piety under Lugonu
  3566 | D:4      | Noticed a sky beast
  3581 | D:4      | Killed Robin
  3594 | D:4      | Killed a sky beast
  3595 | D:4      | Gained mutation: You are mostly covered in sharp spines.
                  | [demonic ancestry]
  3595 | D:4      | Reached XP level 6. HP: 36/49 MP: 7/7
  3720 | D:4      | Reached skill level 5 in Maces & Flails
  3770 | D:4      | Reached skill level 5 in Fighting
  4179 | D:4      | Found a stormy altar of Qazlal.
  4340 | D:5      | Entered Level 5 of the Dungeon
  4354 | D:5      | Reached XP level 7. HP: 54/56 MP: 8/8
  4610 | D:5      | Found a shadowy altar of Dithmenos.
  4718 | D:5      | Found Gebez's Distillery.
  4918 | D:5      | Reached skill level 6 in Fighting
  4949 | D:5      | Gained mutation: You are completely covered in sharp
                  | spines. [demonic ancestry]
  4949 | D:5      | Reached XP level 8. HP: 48/64 MP: 9/9
  5232 | D:5      | Found a staircase to the Ecumenical Temple.
  5420 | D:5      | Noticed Dowan
  5420 | D:5      | Noticed Duvessa
  5895 | D:6      | Noticed Sigmund
  5917 | D:6      | Noticed Grinder
  5919 | D:6      | Killed Sigmund
  5930 | D:6      | Paralysed by Grinder for 3 turns
  5943 | D:6      | Killed Grinder
  5944 | D:6      | Reached skill level 7 in Fighting
  6601 | D:6      | Reached *** piety under Lugonu
  6829 | D:6      | Gained mutation: You have a pair of small antennae on your
                  | head. [demonic ancestry]
  6829 | D:6      | Reached XP level 9. HP: 72/72 MP: 10/10
  7187 | D:7      | Noticed a two-headed ogre
  7196 | D:7      | Killed a two-headed ogre
  7197 | D:7      | Reached skill level 9 in Fighting
  8530 | D:8      | Found a runed translucent gate.
  8530 | D:8      | Found a runed translucent gate.
  8530 | D:8      | Found a runed translucent gate.
  8560 | D:8      | Found a sand-covered staircase.
  8573 | Ossuary  | Entered an ossuary
  8643 | Ossuary  | Reached **** piety under Lugonu
  8899 | D:8      | Reached skill level 5 in Invocations
  8913 | D:8      | Reached skill level 5 in Armour
  9199 | D:8      | Reached XP level 10. HP: 82/83 MP: 14/14
  9373 | D:8      | Found Qoin Fapie's Weapon Shoppe.
 10031 | D:8      | Noticed osoart's ghost (novice TrMo)
 10175 | D:9      | Noticed a gargoyle
 10207 | D:9      | Killed a gargoyle
 10312 | D:9      | Reached skill level 10 in Fighting
 10772 | D:9      | Reached ***** piety under Lugonu
 10834 | D:9      | Got the Tome of Unstable Flight
 10874 | D:9      | Noticed a two-headed ogre
 11148 | D:9      | Found a staircase to the Lair.
 11314 | D:9      | Killed a two-headed ogre
 11315 | D:9      | Reached skill level 11 in Fighting
 11315 | D:9      | Reached XP level 11. HP: 72/93 MP: 17/17
 11439 | D:9      | Reached skill level 1 in Dodging
 11506 | D:10     | Entered Level 10 of the Dungeon
 11632 | D:10     | Noticed Nergalle
 11655 | D:10     | Noticed a two-headed ogre
 11664 | D:10     | Killed a two-headed ogre
 12018 | D:10     | Found an ancient bone altar of Kikubaaqudgha.
 12018 | D:10     | Found a burning altar of Makhleb.
 12106 | D:10     | Found a radiant altar of Vehumet.
 12136 | D:10     | Reached skill level 12 in Fighting
 12229 | D:10     | Found a broken altar of Ashenzari.
 12508 | D:9      | Learned a level 1 spell: Apportation
 12637 | D:9      | Learned a level 2 spell: Searing Ray
 12638 | Lair:1   | Entered Level 1 of the Lair of Beasts
 12699 | Lair:1   | Noticed a four-headed hydra
 12790 | Lair:1   | Reached skill level 1 in Translocations
 12994 | Lair:1   | Reached skill level 5 in Dodging
 13459 | Lair:1   | Killed a four-headed hydra
 13570 | Lair:1   | Reached skill level 5 in Translocations
 13587 | Lair:1   | Reached XP level 12. HP: 49/102 MP: 18/18
 14085 | Lair:1   | Reached skill level 1 in Conjurations
 14647 | Lair:2   | Noticed Gastronok
 14691 | Lair:2   | Killed Gastronok
 15714 | Lair:3   | Noticed a seven-headed hydra
 15730 | Lair:3   | Killed a seven-headed hydra
 16475 | Lair:3   | Gained mutation: Your presence sometimes corrodes those you
                  | injure. [demonic ancestry]
 16475 | Lair:3   | Reached XP level 13. HP: 108/108 MP: 13/20
 16706 | Lair:3   | Reached skill level 10 in Invocations
 17557 | Lair:3   | Identified the +1 robe of the Butterfly {rElec rN+}
 17682 | Lair:4   | Found a staircase to the Shoals.
 17774 | Lair:4   | Found a radiant altar of Vehumet.
 18010 | Lair:4   | Reached ****** piety under Lugonu
 18341 | Lair:4   | Found a staircase to the Snake Pit.
 18533 | Lair:5   | Found a staircase to the Slime Pits.
 18738 | Lair:5   | Noticed Urug
 18756 | Lair:5   | Killed Urug
 19637 | Lair:5   | Identified the ring "Yzey" {rElec rCorr Str+2 SInv}
 19834 | Lair:6   | Entered Level 6 of the Lair of Beasts
 19840 | Lair:6   | Noticed Snorg
 19882 | Lair:6   | Noticed Kazon's ghost (journeyman DjGl)
 20245 | Lair:6   | Banished Snorg
 20266 | Lair:6   | Reached skill level 13 in Fighting
 20590 | Lair:6   | Found a transporter.
 20590 | Lair:6   | Found a transporter.
 20662 | Lair:6   | Gained mutation: You have a pair of antennae on your head.
                  | [demonic ancestry]
 20662 | Lair:6   | Reached XP level 14. HP: 36/118 MP: 16/23
 20926 | Lair:6   | Killed from afar by a wind drake

Illustrated notes

Levels and vault maps discovered:
D:1:      giann_horns, layout_loops_ring, shapermc_ecumenical_altar_venn
D:2:      layout_rooms, basic_altar, minmay_heptomino_h4, uniq_jessica
D:3:      layout_basic, minitemple
D:4:      layout_basic, nicolae_qazlal_eye_of_the_storm, uniq_robin
D:5:      layout_layer_cave, nicolae_overflow_hidden_temple,
          minmay_temple_entry_nine_rooms, serial_shops, shop_statue,
          uniq_duvessa
D:6:      layout_loops_cross, uniq_grinder, uniq_sigmund
D:7:      layout_layer_cave
D:8:      layout_basic, gammafunk_ghost_icy, enter_ossuary_1, serial_shops,
          nicolae_shop_trees, chequers_serial_rivers_micro_e,
          minmay_misc_feat_nine_boxes
D:9:      layout_roguey, lair_entry_dummy, minmay_puff
D:10:     minmay_the_grid_four_pointed_star
          [minmay_the_grid_triangle_9x9_minimal,
          minmay_the_grid_triangle_9x9_shrine,
          minmay_the_grid_triangle_9x9_wacky_v,
          minmay_the_grid_triangle_9x9_windchime,
          minmay_the_grid_prize_trominoes], layout_long_grid,
          jmf_multi_god_temple, mainiacjoe_overflow_large_starburst,
          minivault_8, uniq_nergalle
Lair:1:   layout_regular_city, hangedman_lair_generics_rect
Lair:2:   layout_cave_pods, grunt_megastairs_2, uniq_gastronok
Lair:3:   wad_woods_structure_01, layout_long_grid, serial_bayou_pond_e,
          infiniplex_staircase_pool
Lair:4:   layout_big_grid, minmay_shoals_entry_centaurs,
          minmay_snake_entry_guardpost_medium, basic_altar,
          eino_small_chamber_without_monster, minivault_24,
          hangedman_lair_unloving_vines, grunt_megastairs_4
Lair:5:   layout_loops_ring, minmay_slime_entry_pillars,
          kennysheep_abandoned_house, serial_bayou_shore_b, uniq_urug
Lair:6:   gammafunk_lair_ancient_temple, layout_gridlike, gammafunk_ghost_hive,
          uniq_snorg

Skill      XL: |  1  2  3  4  5  6  7  8  9 10 11 12 13 |
---------------+----------------------------------------+-----
Maces & Flails | 2 3 4 5 7 9 |  9.9
Fighting       | 4 5 6 7 9 11 12 13 | 13.4
Armour         | 5 6 7 9 |  9.0
Invocations    | 5 9 12 | 12.0
Dodging        | 6 |  6.0
Translocations | 5 6 |  6.0
Conjurations   | 9 |  9.0

Action                   |  1- 3 |  4- 6 |  7- 9 | 10-12 | 13-15 || total
-------------------------+-------+-------+-------+-------+-------++-------
Melee: Mace              |   123 |    67 |   185 |    97 |       ||   472
       Whip              |       |       |       |   331 |       ||   331
       Flail             |       |       |       |    59 |   257 ||   316
 Fire: Hunting sling     |       |   110 |   110 |    39 |       ||   259
Throw: Stone             |    28 |    20 |    11 |    15 |       ||    74
       Dart              |       |       |       |    71 |    39 ||   110
       Boomerang         |       |       |       |     6 |       ||     6
 Cast: Searing Ray       |       |       |       |    12 |    52 ||    64
Invok: Depart the Abyss  |     1 |       |       |       |       ||     1
       Bend Space        |       |       |     2 |    12 |     9 ||    23
       Banish            |       |       |       |     3 |     3 ||     6
Evoke: Wand              |       |       |    10 |    27 |     4 ||    41
  Use: Scroll            |       |       |     6 |     4 |     6 ||    16
       Potion            |       |       |     1 |     1 |     6 ||     8
Armor: Leather armour    |    25 |     3 |       |       |       ||    28
       Scale mail        |       |    17 |    72 |   129 |    39 ||   257
       Skin              |       |       |       |       |    12 ||    12
Dodge: Dodged            |   125 |    44 |   130 |   251 |   130 ||   680
Block: Other             |       |       |       |    70 |    58 ||   128
       Reflection        |       |       |       |     1 |     2 ||     3
